 Dungeon Crawl Stone Soup version 0.28-a0-1234-g826d19b2e0 (webtiles) character file.

Game seed: 16048226926824437033

76 Zonian the Sneak (level 4, -5/34 HPs)
             Began as a Demonspawn Brigand on Dec 24, 2021.
             Slain by a gnoll sergeant (9 damage)
             ... on level 3 of the Dungeon.
             The game lasted 00:04:32 (2640 turns).

Zonian the Sneak (Demonspawn Brigand)               Turns: 2640, Time: 00:04:33

Health: -5/34      AC:  3    Str: 11    XL:     4   Next: 12%
Magic:  4/4        EV: 12    Int: 12    God:
Gold:   64         SH:  0    Dex: 17    Spells: 3/3 levels left

rFire   . . .      SeeInvis .   a - +2 dagger
rCold   . . .      Faith    .   (no shield)
rNeg    . . .      Spirit   .   b - +0 robe
rPois   .          Reflect  .   (helmet restricted)
rElec   .          Harm     .   c - +0 cloak
rCorr   .          Rampage  .   (no gloves)
Will    .....                   (no boots)
Stlth   +++.......              (no amulet)
HPRegen 0.11/turn               (no ring)
MPRegen 0.09/turn               (no ring)

@: no status effects
A: horns 1, spiny 1
a: no special abilities


You were on level 3 of the Dungeon.
You visited 1 branch of the dungeon, and saw 3 of its levels.

You collected 64 gold pieces.

Inventory:

Hand Weapons
 a - a +2 dagger (weapon)
 g - a +0 hand axe
Missiles
 d - 19 poisoned darts (quivered)
 e - 2 curare-tipped darts
Armour
 b - a +0 robe (worn)
 c - a +0 cloak (worn)
Jewellery
 h - the amulet "Acseal" {Spirit rPois Will+ Int-4 Dex+4}
   (You acquired it on level 3 of the Dungeon)

   [amulet of guardian spirit]

   It causes incoming damage to be divided between your reserves of health and
   magic.
   Int:       It affects your intelligence (-4).
   Dex:       It affects your dexterity (+4).
   rPois:     It protects you from poison.
   Will:      It increases your willpower.
Potions
 f - a potion of brilliance {unknown}
 i - 2 potions of degeneration
 l - 2 potions of lignification {unknown}
 o - a potion of magic {unknown}


   Skills:
 + Level 2.6 Fighting
 + Level 2.3 Short Blades
 + Level 2.4 Throwing
 + Level 1.6 Dodging
 + Level 4.0 Stealth


You had 3 spell levels left.
You didn't know any spells.
Your spell library contained the following spells:

 Spells                   Type           Power      Damage    Failure   Level
 Animate Dead             Necr           0%         N/A       97%         4
 Borgnjor's Vile Clutch   Necr/Erth      0%         N/A       100%        5
 Death Channel            Necr           0%         N/A       100%        6


Dungeon Overview and Level Annotations

Branches:
Dungeon (3/15)

Altars:

Shops:
D:2 =![*!


Innate Abilities, Weirdness & Mutations

You have a pair of small horns on your head.
You are partially covered in sharp spines.


Message History

An orc and an orc wizard come into view.
Your ball python bites the orc.
Your ball python barely misses the orc.
The orc hits your ball python with a +0 trident!
Your ball python dies!
Your ball python's corpse dissolves into shadows!
The orc hits you with a +0 mace.
The orc shouts!
This is a scroll of acquirement!
Something appears at your feet!
The orc priest shouts!
An orc comes into view. It is wielding a +0 falchion.
The orc is struck by your spines. The orc hits you but does no damage.
Unknown command.
Your goblin hits the orc with a +0 club.
The gnoll is struck by your spines. The gnoll misses you.
The orc hits you with a +0 mace.
Keep equipping yourself?
The orc hits your goblin with a +0 trident.
The orc priest begins to cast a cantrip, but forgets the words!
You start putting on your amulet.
You continue putting on the amulet "Acseal" {Spirit rPois Will+ Int-4 Dex+4}.
The orc wizard is struck by your spines.
The orc wizard hits you with a +0 dagger.
Your goblin hits the orc with a +0 club.
The orc dies!
Your hobgoblin hits the orc.
The gnoll sergeant hits you from afar with a +0 spear.
The orc hits your hobgoblin with a +0 falchion!
Your hobgoblin dies!
Your hobgoblin's corpse dissolves into shadows!
The gnoll hits you with a +0 flail.
* * * LOW HITPOINT WARNING * * *
The orc is struck by your spines. The orc barely misses you.
The orc is struck by your spines. The orc hits you with a +0 mace.
* * * LOW HITPOINT WARNING * * *
You continue putting on the amulet "Acseal" {Spirit rPois Will+ Int-4 Dex+4}.
The orc wizard hits you with a +0 dagger.
* * * LOW HITPOINT WARNING * * *
The gnoll sergeant hits you from afar with a +0 spear!
You die...

############# #.####
#..g.gg.....#
##....o###g#########.#
....o.o@gg.# #.#
######o##### #.# #.
#g# #g #g# #. #.# #.
#######.### #o
#..g....... #.
###.#####.#.. #.....#
#.#..


You could see a gnoll sergeant (ally target), an orc priest, an orc wizard, 2
gnolls, 3 orcs and a friendly goblin (summoned).

Vanquished Creatures
  Jessica (D:2)
  A worm (D:2)
  3 dart slugs
  4 ball pythons
  4 endoplasms
  A giant cockroach (D:2)
  4 goblins
  3 hobgoblins
  7 jackals (D:2)
  2 kobolds (D:2)
  A quokka (D:1)
  A bat (D:2)
  2 frilled lizards
34 creatures vanquished.

Vanquished Creatures (collateral kills)
  An orc (D:3)
1 creature vanquished.

Grand Total: 35 creatures vanquished

Notes
Turn   | Place    | Note
-------+----------+-------------------------------------------
     0 | D:1      | Zonian the Demonspawn Brigand began the quest for the Orb.
     0 | D:1      | Reached XP level 1. HP: 16/16 MP: 1/1
   180 | D:1      | Reached skill level 1 in Dodging
   222 | D:1      | Gained mutation: You have a pair of small horns on your
                  | head. [demonic ancestry]
   222 | D:1      | Reached XP level 2. HP: 16/22 MP: 2/2
  1295 | D:2      | Found Leyrghipp's Distillery.
  1409 | D:2      | Reached XP level 3. HP: 28/28 MP: 3/3
  1411 | D:2      | Found Riqas's Distillery.
  1624 | D:2      | Found Kiguegu's Antique Armour Shop.
  1707 | D:2      | Found Ocsedgh's Assorted Antiques.
  1961 | D:2      | Noticed Jessica
  1973 | D:2      | Killed Jessica
  1974 | D:2      | Reached skill level 4 in Stealth
  1974 | D:2      | Gained mutation: You are partially covered in sharp spines.
                  | [demonic ancestry]
  1974 | D:2      | Reached XP level 4. HP: 11/34 MP: 4/4
  2435 | D:2      | Found Pubusk's Jewellery Emporium.
  2605 | D:3      | Noticed a gnoll sergeant
  2637 | D:3      | Identified a scroll of acquirement
  2637 | D:3      | Acquired the amulet "Acseal" {Spirit rPois Will+ Int-4
                  | Dex+4}
  2640 | D:3      | Slain by a gnoll sergeant

Illustrated notes

Levels and vault maps discovered:
D:1:      ncdulo_smallfort, layout_loops_cross, chequers_serial_rivers_small_a,
          minmay_tetromino_o4
D:2:      layout_basic, serial_shops, nicolae_shop_stone, shop_statue,
          nicolae_shop_behind_doors, nicolae_shop_behind_doors,
          nicolae_shop_waterfront, minmay_misc_feat_tower, uniq_jessica
D:3:      layout_loops_ring, mainiacjoe_overflow_alcove_2, corexii_shack,
          uniq_sigmund

Skill      XL: |  1  2  3 |
---------------+----------+-----
Dodging        | 1 |  1.6
Short Blades   | 2 |  2.3
Throwing       | 2 |  2.4
Stealth        | 4 |  4.0
Fighting       | |  2.6

Action                   |  1- 3 |  4- 6 || total
-------------------------+-------+-------++-------
Melee: Dagger            |    91 |     6 ||    97
       Headbutt          |    13 |       ||    13
  Use: Scroll            |       |     6 ||     6
 Stab: Sleeping          |     7 |       ||     7
       Distracted        |     1 |       ||     1
Armor: Robe              |    22 |     1 ||    23
Dodge: Dodged            |    59 |     4 ||    63

Table legend: (Time is in decaauts)
 A = Elapsed time spent in this place.
 B = Non-inter-level travel time spent in this place.
 C = Inter-level travel time spent in this place.
 D = Time resting spent in this place.
 E = Time spent auto-exploring this place.
 F = Levels seen in this place.
 G = Mean time per level.
                   A        B        C        D        E       F      G
               +--------+--------+--------+--------+--------+-----+--------+
         Total |   2632 |   2560 |     72 |    724 |   1478 |   3 |  877.3 |
       Dungeon |   2632 |   2560 |     72 |    724 |   1478 |   3 |  877.3 |
               +--------+--------+--------+--------+--------+-----+--------+

Top non-repeatable levels by time:
     D:2: 1594 daAuts
     D:1: 998 daAuts
     D:3: 39 daAuts
